 Dungeon Crawl Stone Soup version 0.31-a0-1134-gb247575874 (webtiles) character file.

Game seed: 11418840488270557068

3897 senseless the Cleaver (level 10, -3/81 HPs)
             Began as a Hill Orc Fighter on Dec 5, 2023.
             Was a Believer of Hepliaklqana.
             Succumbed to a green ugly thing's poison
             ... on level 7 of the Dungeon.
             The game lasted 00:21:03 (8260 turns).

senseless the Cleaver (Hill Orc Fighter)            Turns: 8260, Time: 00:21:03

Health: -3/81      AC: 13    Str: 24    XL:     10   Next: 20%
Magic:  15/15      EV:  8    Int:  8    God:    Hepliaklqana [**....]
Gold:   357        SH: 10    Dex: 10    Spells: 9/9 levels left

rFire   + . .        a - +2 war axe (chaos)
rCold   + . .        c - +0 buckler
rNeg    . . .        v - +0 chain mail
rPois   +            s - +0 helmet
rElec   +            n - scarf {repulsion}
rCorr   +            (no gloves)
SInv    .            e - +0 pair of boots
Will    .....        g - amulet of reflection Stlth
                     (no ring)
HPRegen 0.00/turn    (no ring)
MPRegen 0.14/turn

%: repel missiles, reflection
@: mighty, lethally poisoned (-3 -> -24), resistant, on berserk cooldown, sick,
slowed, very slow
A: reduced essence, MP-powered wands
a: Renounce Religion, Recall Ancestor, Ancestor Identity


You were on level 7 of the Dungeon.
You worshipped Hepliaklqana.
Hepliaklqana was pleased with you.
You visited 1 branch of the dungeon, and saw 7 of its levels.

You collected 582 gold pieces.
You spent 225 gold pieces at shops.

Inventory:

Hand Weapons
 a - a +2 war axe of chaos (weapon)
Missiles
 f - 31 poisoned darts (quivered)
Armour
 c - a +0 buckler (worn)
 e - a +0 pair of boots (worn)
 n - a scarf of repulsion (worn)
 s - a +0 helmet (worn)
 v - a +0 chain mail (worn)
Jewellery
 g - an amulet of reflection (around neck)
Wands
 b - a wand of digging (7)
 m - a wand of paralysis (6)
 y - a wand of light (13)
Scrolls
 i - a scroll of immolation
 k - a scroll of fog
 u - 2 scrolls of poison
 w - a scroll of torment
 x - a scroll of fear
Potions
 d - a potion of might
 h - 2 potions of attraction
 l - a potion of heal wounds
 p - 3 potions of curing
 r - 3 potions of brilliance
 t - a potion of haste {unknown}
 z - a potion of enlightenment
 A - 3 potions of lignification


   Skills:
 + Level 8.8 Fighting
 + Level 9.1 Axes
 + Level 8.0 Armour
 + Level 8.0 Shields
 + Level 7.2 Invocations


You had 9 spell levels left.
You didn't know any spells.
Your spell library contained the following spells:

 Spells                   Type           Power      Damage    Failure   Level
 Ensorcelled Hibernation  Hex/Ice        0%         N/A       98%         2
 Jinxbite                 Hex            0%         N/A       98%         2
 Passwall                 Tmut/Erth      0%         N/A       98%         2
 Swiftness                Air            0%         N/A       100%        3
 Anguish                  Hex/Necr       0%         N/A       100%        4
 Haunt                    Necr/Summ      0%         N/A       100%        7
 Borgnjor's Revivificati  Necr           0%         N/A       100%        8
 Death's Door             Necr           0%         N/A       100%        9


Dungeon Overview and Level Annotations

Branches:
Dungeon (7/15)             Temple (0/1) D:7

Altars:
Ashenzari
Dithmenos
Fedhas
Gozag
Hepliaklqana
Kikubaaqudgha
Okawaru
Vehumet
The Shining One
Lugonu

Shops:
D:6 !

Annotations:
D:3 3 runed translucent doors, Graknight's ghost, amateur AtBe
D:7 1 transporter


Innate Abilities, Weirdness & Mutations

Your life essence is reduced to manifest your ancestor. (-10% HP)
You expend magic power (3 MP) to strengthen your wands.


Message History

You block the green ugly thing's attack.
The small abomination barely misses Tenoch.
Tenoch closely misses the green ugly thing.
You slice the red ugly thing!!
You feel better.
The red ugly thing is severely wounded.
You slash the green ugly thing!
The green ugly thing seems to grow stronger.
You hit the ancient zyme. You slash the small abomination!
You freeze the small abomination.
You are no longer berserk.
You are exhausted.
You feel yourself slow down.
You feel very sick. The red ugly thing tentacle-slaps you.
You are engulfed in flames!
You resist.
* * * LOW HITPOINT WARNING * * *
Tenoch gestures at the green ugly thing while chanting.
The green ugly thing seems to slow down.
The green ugly thing trunk-slaps Tenoch but does no damage.
The small abomination barely misses you.
You feel much better.
You feel extremely sick.
The small abomination hits Tenoch.
The ancient zyme hits you! You block the ancient zyme's attack.
The red ugly thing tentacle-slaps you!
* * * LOW HITPOINT WARNING * * *
You are engulfed in flames!
You resist.
* * * LOW HITPOINT WARNING * * *
The small abomination hits you!
* * * LOW HITPOINT WARNING * * *
Tenoch hits the small abomination with a +0 dagger of draining.
The green ugly thing trunk-slaps Tenoch!
The small abomination hits Tenoch!
The ancient zyme hits you.
* * * LOW HITPOINT WARNING * * *
You block the ancient zyme's attack.
You feel ill.
Tenoch points at the small abomination and mumbles some strange words.
The small abomination appears confused.
You slash the ancient zyme!
The ancient zyme is almost destroyed.
You closely miss the small abomination. You hit the red ugly thing.
The red ugly thing seems to speed up.
You barely miss the green ugly thing.
You die...

#...###.######...[.#
........###.!##...##..##
........##...##...##...#
.......###....##©##...©#
....########...###...###
....#.....###.......###
....#.#####.##..x..##.#######
.####.#####..#.xuux##.......# .#
#.##....##.x@R.########.#### .#
#.##.####...©...## #(.....# .#
#.##.# #...###...# #.#.##.# ##
#....#$#..##©##....##.#.##.# #
#.##.#.[.##...###.(##.#.##.#
#####.##.##..##...##..###......#
.......#..####.....### ###.####
...).................# #...#
.......##..#.##......# #.#)#


You could see the friendly Tenoch the hexer, 2 ugly things, an ancient zyme
(resistant) and 3 small abominations.

Vanquished Creatures
  Sigmund (D:6)
  Menkaure (D:5)
  Edmund (D:6)
  2 water moccasins
  Duvessa (D:5)
  A sky beast (D:7)
  An ice beast (D:5)
  4 black bears
  4 ogres
  A centaur (D:7)
  A phantom (D:7)
  2 scorpions
  2 small abominations (D:7)
  4 wights (D:7)
  Dowan (D:5)
  3 howler monkeys
  2 electric eels (D:6)
  A jelly (D:6)
  6 hounds
  6 orc priests
  Terence (D:3)
  3 iguanas
  5 orc wizards
  Robin (D:3)
  10 gnolls
  9 adders
  A shadow imp (D:7)
  A white imp (D:7)
  2 ufetubi (D:5)
  5 worms
  2 dart slugs
  32 orcs
  7 ball pythons
  6 endoplasms
  4 giant cockroaches
  43 goblins
  40 hobgoblins
  5 quokkas
  7 bats
  A frilled lizard (D:2)
  12 kobolds
  7 rats
249 creatures vanquished.

Vanquished Creatures (collateral kills)
  A water moccasin (D:7)
  A sky beast (D:6)
  A gnoll sergeant (D:7)
  3 electric eels (D:6)
  An orc wizard (D:5)
  A gnoll (D:6)
  A white imp (D:6)
  An orc (D:6)
  5 goblins (D:6)
  2 hobgoblins (D:6)
  A kobold (D:6)
18 creatures vanquished.

Vanquished Creatures (others)
  2 ancestors
  A hobgoblin (D:6)
3 creatures vanquished.

Grand Total: 270 creatures vanquished

Notes
Turn   | Place    | Note
-------+----------+-------------------------------------------
     0 | D:1      | senseless the Hill Orc Fighter began the quest for the Orb.
     0 | D:1      | Reached XP level 1. HP: 19/19 MP: 1/1
   110 | D:1      | Reached XP level 2. HP: 27/27 MP: 2/2
   151 | D:1      | Reached skill level 3 in Axes
   556 | D:2      | Reached XP level 3. HP: 26/33 MP: 3/3
   791 | D:2      | Reached XP level 4. HP: 41/41 MP: 4/4
  1619 | D:3      | Reached skill level 4 in Axes
  1657 | D:3      | Reached XP level 5. HP: 42/47 MP: 5/5
  1684 | D:3      | Identified the +0 leather armour of Plog {MP+9 Int+4}
  1791 | D:3      | Noticed Robin
  1810 | D:3      | Gained mutation: You expend magic power (3 MP) to
                  | strengthen your wands. [potion of mutation]
  1817 | D:3      | Killed Robin
  1824 | D:3      | HP: 3/70 [poisoned by Robin]
  2242 | D:3      | Found a runed translucent gate.
  2242 | D:3      | Found a runed translucent gate.
  2243 | D:3      | Found a runed translucent gate.
  2250 | D:3      | Noticed Graknight's ghost (amateur AtBe)
  2356 | D:3      | Noticed Terence
  2364 | D:3      | Killed Terence
  2365 | D:3      | Reached skill level 5 in Fighting
  2365 | D:3      | Reached XP level 6. HP: 55/56 MP: 6/6
  2691 | D:4      | Noticed a black bear
  2701 | D:4      | Killed a black bear
  2702 | D:4      | Reached skill level 5 in Axes
  2702 | D:4      | Reached skill level 5 in Armour
  2702 | D:4      | Reached skill level 5 in Shields
  2775 | D:4      | Reached XP level 7. HP: 56/61 MP: 7/7
  2944 | D:4      | Found a hazy altar of Hepliaklqana.
  2997 | D:4      | Became a worshipper of Hepliaklqana the Forgotten
  3027 | D:4      | Found a shadowy altar of Dithmenos.
  3044 | D:4      | Found a broken altar of Ashenzari.
  3060 | D:4      | Found a glowing golden altar of the Shining One.
  3195 | D:4      | Reached skill level 1 in Invocations
  3805 | D:5      | Entered Level 5 of the Dungeon
  3820 | D:5      | Reached skill level 6 in Axes
  3965 | D:5      | Reached XP level 8. HP: 70/70 MP: 9/9
  4152 | D:5      | You fall into a shaft and drop 2 floors!
  4300 | D:7      | Reached skill level 7 in Axes
  4344 | D:5      | Reached * piety under Hepliaklqana
  4485 | D:5      | Noticed Dowan
  4496 | D:5      | Noticed Duvessa
  4503 | D:5      | Killed Dowan
  4510 | D:5      | Killed Duvessa
  4512 | D:5      | Reached XP level 9. HP: 12/71 MP: 12/12
  4745 | D:5      | Noticed Menkaure
  4750 | D:5      | Killed Menkaure
  4751 | D:5      | Reached skill level 5 in Invocations
  4898 | D:5      | Found an opulent altar of Gozag.
  5327 | D:5      | Found a radiant altar of Vehumet.
  5826 | D:6      | Reached skill level 8 in Axes
  5890 | D:6      | Found Toqet's Distillery.
  5933 | D:6      | Bought a potion of degeneration for 15 gold pieces
  5933 | D:6      | Bought a potion of curing for 45 gold pieces
  5933 | D:6      | Bought a potion of enlightenment for 75 gold pieces
  5933 | D:6      | Bought a potion of lignification for 45 gold pieces
  5933 | D:6      | Bought a potion of attraction for 45 gold pieces
  6051 | D:6      | Noticed Edmund
  6165 | D:6      | Killed Edmund
  6347 | D:6      | Noticed Sigmund
  6356 | D:6      | Killed Sigmund
  6358 | D:6      | Found an iron altar of Okawaru.
  6779 | D:6      | Reached XP level 10. HP: 81/81 MP: 13/15
  7379 | D:7      | Reached ** piety under Hepliaklqana
  7418 | D:7      | Reached skill level 9 in Axes
  7418 | D:7      | Remembered your ancestor Tenoch as a hexer
  7590 | D:7      | Found a transporter.
  7590 | D:7      | Found a transporter.
  7591 | D:7      | Noticed a green ugly thing
  7593 | D:7      | Found a corrupted altar of Lugonu.
  7594 | D:7      | Noticed a red ugly thing
  7676 | D:7      | Found a staircase to the Ecumenical Temple.
  7798 | D:7      | Identified the +4 short sword "Ynuatule" {freeze, rF+ rC+
                  | Dex-4}
  7936 | D:7      | Found a blossoming altar of Fedhas.
  7937 | D:7      | Found an ancient bone altar of Kikubaaqudgha.
  8259 | D:7      | HP: 4/81 [ancient zyme (3)]
  8260 | D:7      | Succumbed to a green ugly thing's poison

Illustrated notes

Levels and vault maps discovered:
D:1:      minmay_arrival_up_and_down, layout_basic,
          amcnicky_mini_corridor_feature
D:2:      layout_loops_corners
D:3:      minmay_spotlight, layout_rooms, ebering_ghost_rock_garden,
          serial_glass, glass_columns_b, glass_columns_b,
          chequers_serial_rivers_room_a, uniq_terence, uniq_robin
D:4:      layout_loops_corners, nicolae_overflow_quartered_altars, st_stairs_5,
          kennysheep_generic_room_4
D:5:      layout_basic, mainiacjoe_overflow_boulevard,
          mainiacjoe_overflow_concentric_impassable, uniq_menkaure, uniq_duvessa
D:6:      minmay_goblin_kobold_castle, layout_rooms, okawaru_metal_pillars_1_2,
          serial_shops, nicolae_shop_window_shopping, serial_park_tiny_2,
          uniq_sigmund, uniq_edmund
D:7:      gammafunk_corrupted_shrine, layout_loops_cross,
          grunt_temple_overflow_growth_and_decay, temple_doors_e,
          dreamdust_wishing_well

Skill      XL: |  1  2  3  4  5  6  7  8  9 10 |
---------------+-------------------------------+-----
Axes           | 3 4 5 6 7 8 9 |  9.1
Fighting       | 4 5 6 7 8 |  8.8
Shields        | 4 5 6 7 8 |  8.0
Armour         | 4 5 6 7 8 |  8.0
Invocations    | 2 4 6 7 |  7.2

Action                     |  1- 3 |  4- 6 |  7- 9 | 10-12 || total
---------------------------+-------+-------+-------+-------++-------
  Melee: War axe           |    67 |   175 |   363 |    67 ||   672
  Throw: Dart              |       |     4 |     3 |       ||     7
 Invoke: Ancestor Life: He |       |       |       |     1 ||     1
    Use: Potion            |       |     4 |     2 |     4 ||    10
         Scroll            |       |       |     8 |     5 ||    13
   Stab: Distracted        |       |       |     3 |       ||     3
         Petrified         |       |       |     2 |       ||     2
         Paralysed         |       |       |     1 |     3 ||     4
         Petrifying        |       |       |     1 |       ||     1
 Armour: Scale mail        |    46 |   133 |    45 |       ||   224
         Chain mail        |       |       |   203 |    55 ||   258
  Dodge: Dodged            |    31 |    79 |   131 |    26 ||   267
         Repelled          |       |     1 |     1 |       ||     2
  Block: Buckler           |    14 |    37 |   133 |    44 ||   228
         Reflection        |       |       |     8 |     8 ||    16

Table legend: (Time is in decaauts)
 A = Elapsed time spent in this place.
 B = Non-inter-level travel time spent in this place.
 C = Inter-level travel time spent in this place.
 D = Time resting spent in this place.
 E = Time spent auto-exploring this place.
 F = Levels seen in this place.
 G = Mean time per level.
                   A        B        C        D        E       F      G
               +--------+--------+--------+--------+--------+-----+--------+
         Total |   8426 |   7975 |    451 |    803 |   5583 |   7 | 1203.7 |
       Dungeon |   8426 |   7975 |    451 |    803 |   5583 |   7 | 1203.7 |
               +--------+--------+--------+--------+--------+-----+--------+

Top non-repeatable levels by time:
     D:5: 1804 daAuts
     D:6: 1557 daAuts
     D:4: 1290 daAuts
     D:3: 1128 daAuts
     D:7: 1091 daAuts
     D:2: 988 daAuts
     D:1: 564 daAuts
